 Dungeon Crawl Stone Soup version 0.28-b1-1-g3c77fb2ed1 (webtiles) character file.

Game seed: 15513189059507031598

96 Descartes the Digger (level 4, -1/15 (25) HPs)
             Began as a Deep Elf Wanderer on Jan 30, 2022.
             Killed from afar by an orc wizard (4 damage)
             ... with a magic dart
             ... on level 4 of the Dungeon.
             The game lasted 00:09:47 (3589 turns).

Descartes the Digger (Deep Elf Wanderer)            Turns: 3589, Time: 00:09:48

HP:   -1/15 (25)    AC:  8    Str:  8    XL:     4   Next: 41%
MP:   4/8           EV: 12    Int: 18    God:
Gold: 158           SH:  0    Dex: 16    Spells: 1/6 levels left

rFire   . . .      SeeInvis .   n - +1 whip (vamp)
rCold   . . .      Faith    .   (no shield)
rNeg    . . .      Spirit   .   c - +0 robe
rPois   +          Reflect  .   (no helmet)
rElec   .          Harm     .   d - +0 cloak
rCorr   .          Rampage  .   j - +0 pair of gloves
Will    .....                   (no boots)
Stlth   ++........              (no amulet)
HPRegen 0.05/turn               l - +4 ring of protection
MPRegen 0.11/turn               m - ring of poison resistance

@: very heavily drained
A: no striking features
a: no special abilities


You were on level 4 of the Dungeon.
You visited 1 branch of the dungeon, and saw 4 of its levels.

You collected 158 gold pieces.

Inventory:

Hand Weapons
 a - a +0 dagger
 n - a +1 vampiric whip (weapon)
Missiles
 b - 10 stones (quivered)
Armour
 c - a +0 robe (worn)
 d - a +0 cloak (worn)
 j - a +0 pair of gloves (worn)
Jewellery
 l - a +4 ring of protection (left hand)
 m - a ring of poison resistance (right hand)
Scrolls
 f - 6 scrolls of identify {unknown}
 g - a scroll of enchant armour {unknown}
 i - a scroll of immolation {unknown}
Potions
 e - a potion of lignification {unknown}
 h - 2 potions of berserk rage {unknown}
 k - a potion of flight {unknown}
 o - a potion of attraction {unknown}


   Skills:
 - Level 1.5 Fighting
 + Level 2.5 Dodging
 + Level 2.4 Stealth
 - Level 1.5 Spellcasting
 + Level 1.8 Conjurations
 + Level 2.7 Ice Magic
 + Level 4.9 Earth Magic


You had one spell level left.
You knew the following spells:

 Your Spells              Type           Power      Damage    Failure   Level
a - Stone Arrow           Conj/Erth      26%        3d8       14%         3
b - Freeze                Ice            44%        1d6       6%          1
c - Sandblast             Erth           38%        2d10      2%          1

Your spell library contained the following spells:

 Spells                   Type           Power      Damage    Failure   Level
 Frozen Ramparts          Ice            22%        1d4       19%         3
 Petrify                  Tmut/Erth      10%        N/A       56%         4


Dungeon Overview and Level Annotations

Branches:
Dungeon (4/15)
 Temple: D:4-7

Altars:

Annotations:
D:2 1 runed translucent door, Crazy Yiuf


Message History

Casting: Freeze (safe; 6% risk of failure)
Confirm with . or Enter, or press ? or * to list all spells.
Aiming: Freeze (safe; 6% risk of failure)
Press: ? - help, Shift-Dir - straight line, f/p - orc
Aim: an orc, wielding a +0 flail (almost dead)
You freeze the orc.
You kill the orc!
Something hits you.
You feel drained. Something hits you but does no damage.
You feel drained.
An orc priest is nearby!
Casting: Freeze (safe; 6% risk of failure)
Confirm with . or Enter, or press ? or * to list all spells.
You don't have enough magic to cast this spell.
An orc priest is nearby!
You hit something.
You feel better. Something hits you but does no damage.
You feel drained.
You barely miss something. Something hits you but does no damage.
You feel drained. Something barely misses you. Something hits you.
You feel drained. Something hits you but does no damage.
You feel drained. Something hits you.
You feel drained.
You closely miss something. Something hits you.
You feel drained.
Unknown command.
You closely miss something.
The orc priest looks encouraged for a moment.
Something hits you but does no damage.
You feel drained.
You barely miss something.
The orc priest casts a cantrip, but nothing happens.
Something hits you but does no damage.
You feel drained.
The orc priest calls down the wrath of Beogh upon you.
Beogh smites you!
Ouch! That really hurt!
* * * LOW HITPOINT WARNING * * *
The orc priest looks braver for a moment.
A magic dart appears from out of thin air!
The magic dart hits you.
* * * LOW HITPOINT WARNING * * *
A magic dart appears from out of thin air!
The magic dart hits you.
You die...

#.# #.# #.######## #.)o...o.#
#.######.####### #.# ###.{.....#
#.# #.........# #o# #.........#
#.# #...@.....#
#######'####.........#
#.........##......####
#.........##......#
#.........+.......+
#.........####....##########
+.........+ +....+........#
#.........####....########.#####
#.................).............


You could see an orc priest.

Vanquished Creatures
  3 adders
  2 worms (D:2)
  6 dart slugs
  An orc (D:4)
  4 ball pythons
  3 bats
  An endoplasm (D:1)
  5 giant cockroaches
  2 goblins
  6 hobgoblins
  3 jackals (D:1)
  5 frilled lizards
  7 kobolds
48 creatures vanquished.

Vanquished Creatures (others)
  A hobgoblin (D:1)
1 creature vanquished.

Grand Total: 49 creatures vanquished

Notes
Turn   | Place    | Note
-------+----------+-------------------------------------------
     0 | D:1      | Descartes the Deep Elf Wanderer began the quest for the
                  | Orb.
     0 | D:1      | Descartes set off with the following items: a +0 dagger, 26
                  | stones, a +0 robe, a +0 cloak; and the following spells
                  | available to memorise: Sandblast, Freeze, Frozen Ramparts,
                  | Stone Arrow, Petrify
     0 | D:1      | Reached XP level 1. HP: 12/12 MP: 5/5
    14 | D:1      | You fall into a shaft and drop 1 floor!
    17 | D:2      | Learned a level 1 spell: Sandblast
    19 | D:2      | Learned a level 1 spell: Freeze
   150 | D:1      | Reached skill level 1 in Stealth
   150 | D:1      | Reached XP level 2. HP: 16/16 MP: 4/6
   547 | D:1      | Reached skill level 1 in Conjurations
  1052 | D:1      | Reached XP level 3. HP: 20/20 MP: 4/7
  1056 | D:1      | Learned a level 3 spell: Stone Arrow
  2178 | D:2      | Found a runed translucent door.
  2179 | D:2      | Noticed Crazy Yiuf
  2425 | D:2      | Found a faded altar of an unknown god.
  2830 | D:3      | Reached XP level 4. HP: 25/25 MP: 3/8
  3176 | D:3      | Identified the +0 scale mail of the Turtle {Harm}
  3589 | D:4      | Killed from afar by an orc wizard

Illustrated notes

Levels and vault maps discovered:
D:1:      eino_arrival_water_star, layout_basic, lemuel_flame_loot_1
D:2:      layout_basic, serial_curves, eino_curves_02, eino_curves_02,
          shapermc_ecumenical_altar_mp_highgroup, uniq_crazy_yiuf_cottage
D:3:      layout_rooms, grunt_decor_fettered
D:4:      layout_basic, nicolae_sif_muna_condensation, temple_green,
          uniq_natasha

Skill      XL: |  1  2  3 |
---------------+----------+-----
Stealth        | 1 2 |  2.4
Conjurations   | 1 |  1.8
Dodging        | 2 |  2.5
Fighting       | |  1.5
Spellcasting   | |  1.5
Ice Magic      | |  2.7
Earth Magic    | |  4.9

Action                   |  1- 3 |  4- 6 || total
-------------------------+-------+-------++-------
Melee: Dagger            |    14 |     1 ||    15
       Whip              |       |     5 ||     5
 Cast: Sandblast         |    24 |       ||    24
       Freeze            |    36 |     9 ||    45
       Stone Arrow       |     2 |     6 ||     8
 Stab: Sleeping          |     3 |       ||     3
Armor: Robe              |    12 |     7 ||    19
Dodge: Dodged            |    23 |     9 ||    32
